 Dungeon Crawl Stone Soup version 0.31-a0-949-g57150269e1 (webtiles) character file.

Game seed: 5022759735077744897

20666 Newt the Markskobold (level 13, -10/78 HPs)
             Began as a Kobold Hunter on Oct 21, 2023.
             Was a High Priest of Okawaru.
             Killed from afar by a deep elf zephyrmancer (37 damage)
             ... with a bolt of lightning
             ... on level 13 of the Dungeon.
             The game lasted 00:12:58 (12674 turns).

Newt the Markskobold (Kobold Hunter)               Turns: 12674, Time: 00:12:59

Health: -10/78     AC:  7    Str: 11    XL:     13   Next: 14%
Magic:  19/19      EV: 25    Int: 10    God:    Okawaru [*****.]
Gold:   1085       SH:  0    Dex: 29    Spells: 12/12 levels left

rFire   + . .        a - +2 shortbow (elec)
rCold   . . .        (shield currently unavailable)
rNeg    . . .        M - +0 troll leather armour
rPois   .            s - +1 helmet "Ziudud" {Str+4}
rElec   .            z - +0 cloak
rCorr   .            (no gloves)
SInv    .            P - +0 pair of boots
Will    ++...        L - amulet of regeneration
Stlth   +++++        d - +6 ring of dexterity
HPRegen 1.93/turn    m - +4 ring of slaying
MPRegen 0.16/turn

%: no passive effects
@: no status effects
A: small, no large weapons, nightstalker 3, fire resistance 1, strong-willed 2,
weak 1
a: Renounce Religion, Heroism, Finesse, Duel


You were on level 13 of the Dungeon.
You worshipped Okawaru.
Okawaru was extremely pleased with you.
You visited 2 branches of the dungeon, and saw 14 of its levels.

You collected 1205 gold pieces.
You spent 120 gold pieces at shops.

Inventory:

Hand Weapons
 a - a +2 shortbow of electrocution (weapon)
 y - a +1 orcbow of freezing
Missiles
 g - a throwing net
Armour
 c - a +0 leather armour
 s - the +1 helmet "Ziudud" (worn) {Str+4}
   (You found it on level 4 of the Dungeon)

   Str+4:     It affects your strength (+4).
 z - a +0 cloak (worn)
 E - +0 steam dragon scales
 M - a +0 troll leather armour (worn)
 P - a +0 pair of boots (worn)
Jewellery
 d - a +6 ring of dexterity (left hand)
 f - a ring of protection from fire
 j - an amulet of magic regeneration
 m - a +4 ring of slaying (right hand)
 p - a ring of protection from fire
 A - a ring of fire
 D - an amulet of guardian spirit
 L - an amulet of regeneration (around neck)
Wands
 w - a wand of flame (30)
 J - a wand of digging (8)
 Q - a wand of polymorph (5)
 T - a wand of acid (1)
Scrolls
 b - a scroll of butterflies
 q - 3 scrolls of blinking
 r - 6 scrolls of teleportation
 u - 2 scrolls of torment
 x - 3 scrolls of immolation
 C - a scroll of revelation
 H - a scroll of amnesia
 R - a scroll of poison
 U - a scroll of fear
Potions
 e - 5 potions of degeneration
 h - a potion of might
 i - 5 potions of enlightenment
 k - a potion of mutation
 l - 5 potions of curing
 n - 2 potions of cancellation
 o - 4 potions of lignification
 t - 2 potions of brilliance
 v - a potion of haste
 B - a potion of invisibility
 F - 5 potions of heal wounds
 G - a potion of attraction
 I - 3 potions of ambrosia
 K - 2 potions of berserk rage
 N - a potion of magic {unknown}
 O - 4 potions of resistance {unknown}


   Skills:
 - Level 8.0 Fighting
 + Level 19.1 Ranged Weapons
 - Level 10.0 Dodging
 - Level 8.0 Stealth
 - Level 9.0 Invocations
 - Level 5.0 Evocations


You had 12 spell levels left.
You didn't know any spells.
Your spell library contained the following spells:

 Spells                   Type           Power      Damage    Failure   Level
 Apportation              Tloc           0%         N/A       45%         1
 Freeze                   Ice            0%         1d3       45%         1
 Necrotise                Necr           0%         1d4       45%         1
 Jinxbite                 Hex            0%         N/A       58%         2
 Lesser Beckoning         Tloc           0%         N/A       58%         2
 Frozen Ramparts          Ice            0%         1d1       83%         3
 Gell's Gravitas          Tloc           0%         N/A       83%         3
 Hailstorm                Conj/Ice       0%         3d3       83%         3
 Ozocubu's Armour         Ice            0%         N/A       83%         3
 Teleport Other           Tloc           0%         N/A       83%         3
 Vampiric Draining        Necr           0%         2d6       83%         3
 Vhi's Electric Charge    Tloc/Air       0%         N/A       99%         4
 Agony                    Necr           0%         N/A       100%        5
 Alistair's Intoxication  Tmut/Pois      0%         N/A       100%        5
 Arcjolt                  Conj/Air       0%         1d10      100%        5
 Metabolic Englaciation   Hex/Ice        0%         N/A       100%        5
 Maxwell's Capacitive Co  Air            0%         ∞         100%        8
 Simulacrum               Ice/Necr       Unusable   N/A       N/A         6

Dungeon Overview and Level Annotations

Branches:
Dungeon (13/15)            Temple (1/1) D:4            Lair (0/5) D:10
    Orc (0/2) D:12         Vaults (0/5) D:13

Altars:
Ashenzari
Cheibriados
Dithmenos
Elyvilon
Fedhas
Gozag
Hepliaklqana
Kikubaaqudgha
Makhleb
Nemelex Xobeh
Okawaru
Qazlal
Ru
Sif Muna
Trog
Uskayaw
Vehumet
Wu Jian
Xom
Yredelemnul
Zin
The Shining One

Shops:
D:7 *!   D:12 *[


Innate Abilities, Weirdness & Mutations

You are small and have problems with some larger weapons.
You are completely attuned to the shadows.
Your flesh is heat resistant. (rF+)
You are highly strong-willed. (Will++)
You are weak. (Str -2)


Message History

The arrow hits the orc knight but does no damage.
The orc knight is almost dead.
The orc knight completely misses you.
You shoot an arrow.
The arrow hits the orc knight but does no damage.
The orc knight is almost dead.
The orc knight hits you with a +0 battleaxe!
You shoot an arrow. The arrow barely misses the orc knight.
The arrow hits the troll!
Lightning courses through the troll!
You kill the troll!
Okawaru accepts your kill.
The troll leather armour is intact enough to wear.
The deep elf zephyrmancer mumbles some strange words.
The deep elf zephyrmancer blinks!
You shoot an arrow. The arrow hits the orc knight!
The orc knight is almost dead.
The orc knight hits you with a +0 battleaxe.
You shoot an arrow. The arrow hits the orc knight!
You kill the orc knight!
Okawaru accepts your kill.
Your Ranged Weapons skill increases to level 19!
You shoot an arrow. The arrow hits the troll.
The troll is almost dead.
You shoot an arrow. The arrow hits the troll.
The troll is almost dead.
The troll closely misses you. x2; The troll claws you!
* * * LOW HITPOINT WARNING * * *
Unknown command.
You shoot an arrow. The arrow hits the troll!
You kill the troll!
Okawaru accepts your kill.
Unknown command.
You shoot an arrow.
The arrow hits the deep elf zephyrmancer.
The deep elf zephyrmancer is almost dead.
You shoot an arrow.
The arrow misses the deep elf zephyrmancer.
The deep elf zephyrmancer points at you and mumbles some strange words.
The bolt of lightning hits you!!!
You die...

. #..##.# #..##.#
#.....# #..# #...[.#
#..### ##.####
+..#.## #.# +..#..#
#.#
#######'#.########.#
.......)..e.[)@....#
.....[....##########
.........##
####'##### .e.T
..∩.. .......


You could see a deep elf zephyrmancer.

Vanquished Creatures
  Erica (D:10)
  3 two-headed ogres
  An occultist (D:8)
  Sonja (D:13)
  Lodul (D:10)
  An orc knight (D:13)
  2 deep elf pyromancers
  An arcanist (D:13)
  An ugly thing (D:12)
  2 manticores
  5 cyclopes
  A gargoyle (D:11)
  A kobold demonologist (D:12)
  4 unseen horrors
  2 komodo dragons (D:10)
  7 trolls
  2 hornets
  Grinder (D:3)
  A shadow (D:11)
  6 yaks
  3 wyverns
  A wraith (D:11)
  2 vampire mosquitoes (D:11)
  3 steam dragons (D:8)
  2 basilisks
  Menkaure (D:7)
  2 wargs (D:12)
  3 acid dragons (D:11)
  2 water moccasins
  An ice beast (D:7)
  A sky beast (D:7)
  2 black bears
  7 ogres
  5 centaurs
  6 kobold brigands
  6 bullfrogs
  2 scorpions
  A wight (D:8)
  18 killer bees
  8 howler monkeys
  3 jellies
  2 orc priests (D:5)
  2 hounds
  2 gnoll boudas (D:7)
  4 sleepcaps
  Jessica (D:3)
  5 iguanas
  5 orc wizards
  Robin (D:3)
  13 adders
  9 gnolls (D:7)
  A shadow imp (D:7)
  A white imp (D:8)
  18 orcs
  8 ball pythons
  7 endoplasms
  5 giant cockroaches
  17 goblins
  9 hobgoblins
  4 jackals (D:3)
  3 quokkas
  2 bats
  3 frilled lizards (D:1)
  23 kobolds
  3 rats
271 creatures vanquished.

Notes
Turn   | Place    | Note
-------+----------+-------------------------------------------
     0 | D:1      | Newt the Kobold Hunter began the quest for the Orb.
     0 | D:1      | Reached XP level 1. HP: 12/12 MP: 1/1
    84 | D:1      | Reached XP level 2. HP: 18/18 MP: 2/2
   302 | D:1      | Reached XP level 3. HP: 18/23 MP: 3/3
   962 | D:2      | Found a snail-covered altar of Cheibriados.
  1220 | D:2      | Reached XP level 4. HP: 24/30 MP: 4/4
  1583 | D:3      | Reached skill level 5 in Fighting
  1836 | D:3      | Reached XP level 5. HP: 35/35 MP: 5/5
  1858 | D:3      | Noticed Jessica
  1864 | D:3      | Killed Jessica
  1865 | D:3      | Reached skill level 6 in Ranged Weapons
  1937 | D:3      | Noticed Grinder
  1942 | D:3      | Killed Grinder
  1943 | D:3      | Reached skill level 8 in Ranged Weapons
  1943 | D:3      | Reached XP level 6. HP: 30/40 MP: 6/6
  2054 | D:3      | Noticed Robin
  2057 | D:3      | Killed Robin
  2126 | D:3      | Reached XP level 7. HP: 26/44 MP: 7/7
  2479 | D:3      | Found a burning altar of Makhleb.
  2642 | D:4      | Reached skill level 9 in Ranged Weapons
  2983 | D:4      | Identified the +1 helmet "Ziudud" {Str+4}
  3005 | D:4      | Found an opulent altar of Gozag.
  3101 | D:4      | Reached skill level 10 in Ranged Weapons
  3215 | D:4      | Found a staircase to the Ecumenical Temple.
  3222 | Temple   | Entered the Ecumenical Temple
  3568 | D:5      | Entered Level 5 of the Dungeon
  3739 | D:5      | Reached XP level 8. HP: 49/49 MP: 8/8
  3886 | D:5      | Reached skill level 5 in Dodging
  4622 | D:5      | Found an iron altar of Okawaru.
  5181 | D:5      | Became a worshipper of Warmaster Okawaru
  5462 | D:6      | Found a broken altar of Ashenzari.
  5535 | D:6      | Reached XP level 9. HP: 59/59 MP: 9/9
  5914 | D:6      | Found a white marble altar of Elyvilon.
  5915 | D:6      | Found a bloodstained altar of Trog.
  5917 | D:6      | Found an ornate altar of the Wu Jian Council.
  6244 | D:7      | Reached * piety under Okawaru
  6259 | D:7      | Reached skill level 11 in Ranged Weapons
  6263 | D:7      | Found a shimmering altar of Xom.
  6270 | D:7      | Gained mutation: You are somewhat resistant to further
                  | mutation. [potion of mutation]
  6270 | D:7      | Gained mutation: You are vulnerable to cold. (rC-) [potion
                  | of mutation]
  6271 | D:7      | Lost mutation: You are vulnerable to cold. (rC-) [potion of
                  | mutation]
  6271 | D:7      | Lost mutation: You are somewhat resistant to further
                  | mutation. [potion of mutation]
  6271 | D:7      | Gained mutation: You have hidden genetic potential. [potion
                  | of mutation]
  6271 | D:7      | Gained mutation: Your flesh is heat resistant. (rF+)
                  | [potion of mutation]
  6271 | D:7      | Gained mutation: You are weak. (Str -2) [potion of
                  | mutation]
  6782 | D:7      | Reached skill level 12 in Ranged Weapons
  6843 | D:7      | Noticed Menkaure
  6846 | D:7      | Killed Menkaure
  6904 | D:7      | Found Sehepo's Distillery.
  6922 | D:7      | Bought a potion of lignification for 42 gold pieces
  7063 | D:7      | Found Qaokh's Assorted Antiques.
  7068 | D:7      | Bought a metallic red potion for 18 gold pieces
  7333 | D:8      | Reached ** piety under Okawaru
  7441 | D:8      | Reached skill level 13 in Ranged Weapons
  7560 | D:8      | Found a blossoming altar of Fedhas.
  8121 | D:7      | Reached XP level 10. HP: 63/64 MP: 10/10
  8126 | D:8      | Reached skill level 14 in Ranged Weapons
  8206 | D:8      | Gained mutation: You are strong-willed. (Will+) [hidden
                  | potential]
  8315 | D:8      | Reached *** piety under Okawaru
  8316 | D:8      | Reached skill level 15 in Ranged Weapons
  8324 | D:8      | Noticed an occultist
  8333 | D:8      | Killed an occultist
  8617 | D:9      | Reached skill level 1 in Evocations
  8691 | D:9      | Found a sparkling altar of Nemelex Xobeh.
  8863 | D:9      | Reached **** piety under Okawaru
  9237 | D:9      | Found a hazy altar of Hepliaklqana.
  9320 | D:9      | Reached skill level 5 in Evocations
  9326 | D:9      | Reached skill level 1 in Invocations
  9332 | D:9      | Reached XP level 11. HP: 56/68 MP: 10/12
  9443 | D:10     | Entered Level 10 of the Dungeon
  9478 | D:10     | Gained mutation: You are highly strong-willed. (Will++)
                  | [hidden potential]
  9478 | D:10     | Lost mutation: You have hidden genetic potential. [hidden
                  | potential expressed]
  9544 | D:10     | Noticed Erica
  9554 | D:10     | Killed Erica
  9575 | D:10     | Noticed Lodul
  9590 | D:10     | Reached ***** piety under Okawaru
  9607 | D:10     | Killed Lodul
  9760 | D:10     | Noticed a two-headed ogre
  9760 | D:10     | Noticed a deep elf pyromancer
  9776 | D:10     | Killed a two-headed ogre
  9784 | D:10     | Killed a deep elf pyromancer
  9821 | D:10     | Noticed a two-headed ogre
  9830 | D:10     | Killed a two-headed ogre
  9875 | D:10     | Received a gift from Okawaru
  9886 | D:10     | Found a staircase to the Lair.
 10518 | D:11     | Reached XP level 12. HP: 73/73 MP: 18/18
 10956 | D:11     | Reached skill level 10 in Dodging
 10977 | D:11     | Received a gift from Okawaru
 11565 | D:12     | Reached skill level 16 in Ranged Weapons
 11693 | D:12     | Found Itsedysh's General Store.
 11698 | D:12     | Bought a scroll of identify for 24 gold pieces
 11698 | D:12     | Bought a potion of curing for 36 gold pieces
 11803 | D:12     | Reached skill level 17 in Ranged Weapons
 12095 | D:12     | Noticed a two-headed ogre
 12109 | D:12     | Killed a two-headed ogre
 12280 | D:12     | Found a staircase to the Orcish Mines.
 12351 | D:12     | Reached skill level 18 in Ranged Weapons
 12355 | D:12     | Found Simezobue's Armour Shoppe.
 12461 | D:13     | Received a gift from Okawaru
 12548 | D:13     | Noticed Sonja
 12564 | D:13     | Killed Sonja
 12565 | D:13     | Reached XP level 13. HP: 65/78 MP: 19/19
 12642 | D:13     | Found a gate to the Vaults.
 12670 | D:13     | Reached skill level 19 in Ranged Weapons
 12674 | D:13     | Killed from afar by a deep elf zephyrmancer

Illustrated notes

Levels and vault maps discovered:
D:1:      elethiomel_arrival_quiet, layout_basic, minmay_tetromino_s4
D:2:      layout_basic, basic_altar, minmay_misc_feat_pillars
D:3:      layout_basic, mainiacjoe_overflow_concentric_impassable, uniq_jessica,
          uniq_grinder, uniq_robin
D:4:      layout_basic, grunt_gozag_statues, temple_doors_e
D:5:      layout_layer_cave, nicolae_overflow_crystal_walls
D:6:      layout_basic, cheibrodos_ashenzari_chains,
          gammafunk_temple_overflow_forgotten
D:7:      layout_basic, mainiacjoe_overflow_small_starburst,
          serial_corexii_hall, chequers_hall_statues_wall_a,
          corexii_hall_statues_l, serial_shops, nicolae_shop_industrial_runoff,
          nicolae_shop_overgrown_old_shop, uniq_menkaure
D:8:      layout_basic, mainiacjoe_overflow_cross_hatched,
          grunt_decor_resistance, nzn_random_ring
D:9:      layout_roguey, kennysheep_mini_moat, nzn_hepliaklqana_mist_gate,
          grunt_ministairs_4
D:10:     layout_loops_ring, david_lair_shrubbed, uniq_lodul, uniq_erica
D:11:     layout_stronghold, minmay_fractal_squares_5
D:12:     layout_gridville, minmay_orc_entry_guard_dogs, serial_shops,
          nicolae_shop_stone, shop, blue_anna_alchemist
D:13:     layout_loops_corners, david_vaults_1, serial_shops,
          nicolae_square_shop, uniq_sonja
Temple:   nicolae_temple_ecumenical_triangle

Skill      XL: |  1  2  3  4  5  6  7  8  9 10 11 12 13 |
---------------+----------------------------------------+-----
Fighting       | 3 4 5 7 8 |  8.0
Ranged Weapons | 8 10 13 15 18 19 | 19.1
Dodging        | 4 6 8 10 | 10.0
Stealth        | 8 |  8.0
Evocations     | 5 |  5.0
Invocations    | 1 9 |  9.0

Action                     |  1- 3 |  4- 6 |  7- 9 | 10-12 | 13-15 || total
---------------------------+-------+-------+-------+-------+-------++-------
   Fire: Shortbow          |    79 |    94 |   244 |   488 |    32 ||   937
  Throw: Throwing net      |       |       |     1 |       |       ||     1
  Evoke: Wand              |       |       |       |     3 |       ||     3
    Use: Scroll            |     4 |     1 |     9 |     6 |       ||    20
         Potion            |       |       |     5 |     2 |       ||     7
 Armour: Leather armour    |    13 |    32 |    36 |       |       ||    81
         Steam dragon scal |       |       |     1 |    21 |       ||    22
         Troll leather arm |       |       |       |    73 |     7 ||    80
  Dodge: Dodged            |    32 |    57 |    73 |   163 |     9 ||   334

Table legend: (Time is in decaauts)
 A = Elapsed time spent in this place.
 B = Non-inter-level travel time spent in this place.
 C = Inter-level travel time spent in this place.
 D = Time resting spent in this place.
 E = Time spent auto-exploring this place.
 F = Levels seen in this place.
 G = Mean time per level.
                   A        B        C        D        E       F      G
               +--------+--------+--------+--------+--------+-----+--------+
         Total |  12509 |  12039 |    470 |    907 |   9697 |  14 |  893.5 |
       Dungeon |  12508 |  12040 |    468 |    907 |   9697 |  13 |  962.2 |
        Temple |      1 |      0 |      1 |      0 |      0 |   1 |    1.0 |
               +--------+--------+--------+--------+--------+-----+--------+

Top non-repeatable levels by time:
     D:5: 1553 daAuts
     D:8: 1253 daAuts
     D:3: 1200 daAuts
    D:11: 1132 daAuts
     D:7: 1077 daAuts
     D:6: 1039 daAuts
     D:4: 931 daAuts
     D:9: 892 daAuts
    D:10: 880 daAuts
    D:12: 819 daAuts
     D:2: 775 daAuts
     D:1: 681 daAuts
    D:13: 271 daAuts
  Temple: 1 daAuts
